 Dungeon Crawl Stone Soup version 0.29.1-12-g30fa7ad0bf (webtiles) character file.

Game seed: 11279307311264767855

197 Radix the Conjurer (level 5, 0/28 HPs)
             Began as a Gargoyle Conjurer on Dec 31, 2022.
             Killed from afar by a dart slug (1 damage)
             ... with a slug dart
             ... on level 4 of the Dungeon.
             The game lasted 00:12:03 (3682 turns).

Radix the Conjurer (Gargoyle Conjurer)              Turns: 3682, Time: 00:12:04

Health: 0/28       AC:  7    Str: 11    XL:     5   Next: 75%
Magic:  0/11       EV: 11    Int: 20    God:
Gold:   163        SH:  0    Dex:  8    Spells: 11/12 levels left

rFire   . . .      SeeInvis .   n - staff of conjuration
rCold   . . .      Faith    .   (no shield)
rNeg    + . .      Spirit   .   a - +0 robe
rPois   ∞          Reflect  .   (no helmet)
rElec   +          Harm     .   (no cloak)
rCorr   .          Rampage  .   (no gloves)
Will    .....                   m - +0 pair of boots
Stlth   ++........              (no amulet)
HPRegen 0.09/turn               (no ring)
MPRegen 0.12/turn               (no ring)

@: no status effects
A: sickness immunity, AC +4, negative energy resistance 1, electricity
resistance, torment resistance 1, petrification resistance
a: no special abilities


You were on level 4 of the Dungeon.
You visited 1 branch of the dungeon, and saw 4 of its levels.

You collected 163 gold pieces.

Inventory:

Hand Weapons
 c - a +0 dagger
 l - a +0 whip
Armour
 a - a +0 robe (worn)
 m - a +0 pair of boots (worn)
Magical Staves
 n - a staff of conjuration (weapon)
 p - a staff of poison
Scrolls
 d - 2 scrolls of immolation {unknown}
 e - 2 scrolls of butterflies {unknown}
 f - 4 scrolls of identify {unknown}
 j - a scroll of acquirement {unknown}
 o - 3 scrolls of teleportation {unknown}
 r - 3 scrolls of magic mapping {unknown}
 s - a scroll of torment {unknown}
Potions
 b - 2 potions of magic
 g - 2 potions of heal wounds {unknown}
 h - a potion of mutation {unknown}
 i - a potion of attraction {unknown}
 k - 4 potions of might {unknown}
 q - 2 potions of haste {unknown}


   Skills:
 - Level 1.5 Dodging
 - Level 2.1 Stealth
 + Level 4.0 Spellcasting
 + Level 6.1 Conjurations


You had 11 spell levels left.
You knew the following spells:

 Your Spells              Type           Power      Damage    Failure   Level
a - Magic Dart            Conj           100%       1d8       1%          1

Your spell library contained the following spells:

 Spells                   Type           Power      Damage    Failure   Level
 Searing Ray              Conj           84%        2d7       1%          2
 Dazzling Flash           Conj/Hex       48%        N/A       11%         3
 Apportation              Tloc           8%         N/A       13%         1
 Necrotise                Necr           16%        1d4       13%         1
 Summon Small Mammal      Summ           16%        N/A       13%         1
 Fulminant Prism          Conj/Hex       12%        3d9       36%         4
 Iskenderun's Mystic Bla  Conj/Tloc      24%        2d7       36%         4
 Anguish                  Hex/Necr       2%         N/A       77%         4
 Enfeeble                 Hex            2%         N/A       100%        7


Dungeon Overview and Level Annotations

Branches:
Dungeon (4/15)
 Temple: D:4-7

Altars:

Annotations:
D:3 2 transporters


Innate Abilities, Weirdness & Mutations

You are immune to sickness and miasma.
Your stone body is resilient. (AC +4)
You are immune to poison.
You resist negative energy. (rN+)
You are resistant to electric shocks. (rElec)
You are resistant to unholy torment.
You are immune to petrification.


Message History

The orc moves out of view.
You don't have enough magic to cast this spell.
You don't have enough magic to cast this spell.
You closely miss the phantom.
The phantom is almost destroyed.
The phantom hits you but does no damage.
The orc shouts!
You hit the phantom but do no damage.
The phantom is almost destroyed.
You hear a shout!
The phantom hits you but does no damage.
You miss the phantom.
The phantom is almost destroyed.
A gnoll comes into view. It is wielding a +0 halberd.
The phantom hits you.
You hit the phantom.
The phantom is almost destroyed.
The phantom hits you.
* * * LOW HITPOINT WARNING * * *
You hit the phantom but do no damage.
The phantom is almost destroyed.
The phantom misses you. The phantom closely misses you.
Okay, then.
Aiming: Magic Dart (safe; 1% risk of failure)
Press: ? - help, Q - select action Shift-Dir - straight line, f/p - phantom
Aim: a phantom (almost destroyed, 100% to hit)
You feel a surge of power!
The magic dart hits the phantom.
You destroy the phantom!
A jackal comes into view.
Your Spellcasting skill increases to level 4!
Your Conjurations skill increases to level 6!
The orc barely misses you.
A dart slug comes into view.
The gnoll hits you from afar with a +0 halberd.
* * * LOW HITPOINT WARNING * * *
The gnoll closely misses you.
There is a stone staircase leading up here.
The dart slug launches a dart at you. The slug dart hits you.
You die...

..........
..........
..........
##.<.......
###........!.
#..........w.
.....##..g......
#.. #.o...(... #
##@.......
##.......
####.#. #


You could see a gnoll, a dart slug and an orc.

Vanquished Creatures
  A phantom (D:4)
  4 adders
  3 gnolls (D:3)
  2 dart slugs (D:2)
  An orc (D:3)
  6 bats
  5 endoplasms
  A giant cockroach (D:1)
  2 hobgoblins (D:1)
  9 kobolds
  A quokka (D:2)
  4 ball pythons
  5 frilled lizards
  6 goblins
  8 rats
58 creatures vanquished.

Vanquished Creatures (others)
  6 plants (D:2)
6 creatures vanquished.

Grand Total: 64 creatures vanquished

Notes
Turn   | Place    | Note
-------+----------+-------------------------------------------
     0 | D:1      | Radix the Gargoyle Conjurer began the quest for the Orb.
     0 | D:1      | Reached XP level 1. HP: 10/10 MP: 3/3
   526 | D:1      | Reached XP level 2. HP: 15/15 MP: 0/5
   902 | D:1      | Noticed a shining eye
   904 | D:1      | Found a faded altar of an unknown god.
   905 | D:1      | Noticed an eye of devastation
   905 | D:1      | Noticed a great orb of eyes
   905 | D:1      | Noticed an eye of devastation
  1412 | D:2      | Reached XP level 3. HP: 19/19 MP: 2/6
  1533 | D:2      | Reached skill level 5 in Conjurations
  1975 | D:2      | Reached XP level 4. HP: 24/24 MP: 3/8
  2540 | D:3      | Found a transporter.
  2559 | D:3      | Found a transporter.
  2899 | D:3      | Reached XP level 5. HP: 10/28 MP: 1/10
  3661 | D:4      | Noticed a phantom
  3678 | D:4      | Killed a phantom
  3679 | D:4      | Reached skill level 6 in Conjurations
  3680 | D:4      | HP: 1/28 [gnoll/+0 halberd (6)]
  3682 | D:4      | Killed from afar by a dart slug

Illustrated notes

Levels and vault maps discovered:
D:1:      dpeg_arrival_water_temple_mockup, layout_basic,
          hellmonk_ecumenical_altar_watching_god, serial_aquarium,
          aquarium_bridge_long_joined [aquarium_subvault_bridge,
          aquarium_subvault_wall, aquarium_subvault_balcony,
          aquarium_subvault_bridge, aquarium_subvault_bridge,
          aquarium_subvault_bridge], aquarium_window_fake, aquarium_window_fake,
          aquarium_view_2a, aquarium_balcony_double_4
D:2:      layout_loops_cross, nrook_mini_vaults, lexackson_kobold_supper
D:3:      gammafunk_wand_slinger, layout_basic, hangedman_abyss_or_decor_stabs
D:4:      layout_rooms, kennysheep_mini, serial_shops,
          nicolae_shop_temple_entry_statues_fountains

Skill      XL: |  1  2  3  4  5 |
---------------+----------------+-----
Conjurations   | 5 6 |  6.1
Spellcasting   | 3 4 |  4.0
Dodging        | |  1.5
Stealth        | |  2.1

Action                   |  1- 3 |  4- 6 || total
-------------------------+-------+-------++-------
Melee: Dagger            |    11 |       ||    11
       Staff             |       |     8 ||     8
 Cast: Magic Dart        |    69 |    56 ||   125
Armor: Robe              |     5 |     9 ||    14
Dodge: Dodged            |    11 |    19 ||    30
